 Dungeon Crawl Stone Soup version 0.18-a0-902-g8738618 (webtiles) character file.

14 Jmtri7 the Sneak (level 2, 0/14 HPs)
             Began as a Spriggan Transmuter on Dec 24, 2015.
             Slain by a bat (1 damage)
             ... on level 1 of the Dungeon.
             The game lasted 00:03:37 (991 turns).

Jmtri7 the Sneak (Spriggan Transmuter)               Turns: 991, Time: 00:03:37

Health: 0/14       AC:  2    Str:  6    XL:     2   Next: 27%
Magic:  6/6        EV: 18    Int: 14    God:
Gold:   11         SH:  0    Dex: 16    Spells: 1 memorised, 5 levels left

rFire  . . .     SeeInvis +     e - +0 dagger
rCold  . . .     Gourm    .     f - +0 robe
rNeg   . . .     Faith    .     (shield restricted)
rPois  .         Spirit   .     (helmet restricted)
rElec  .         Dismiss  .     (no cloak)
rCorr  .         Reflect  .     (gloves unavailable)
SustAt .         Harm     .     (boots unavailable)
MR     .....                    (no amulet)
Stlth  ++++......               (no ring)
                                h - ring of stealth (curse)

@: very quick, not resistant to hostile enchantments, stealthy
A: unfitting armour, see invisible, herbivore 3, speed 3, slow metabolism 2
a: no special abilities


You were on level 1 of the Dungeon.
You were not hungry.

You visited 1 branch of the dungeon, and saw 1 of its levels.

You collected 11 gold pieces.

Inventory:

Hand Weapons
 e - a +0 dagger (weapon)
Missiles
 a - 28 arrows
Armour
 f - a +0 robe (worn)
Jewellery
 h - a cursed ring of stealth (left hand)
Scrolls
 g - a scroll of identify {unknown}
Potions
 b - a potion of curing {unknown}
Books
 c - a book of Changes

   Spells                             Type                      Level
   a - Beastly Appendage              Transmutation                1
   b - Sticks to Snakes               Transmutation                2
   c - Spider Form                    Transmutation/Poison         3
   d - Ice Form                       Ice/Transmutation            4
   e - Blade Hands                    Transmutation                5
Comestibles
 d - a bread ration


   Skills:
 - Level 0.7 Fighting
 - Level 3.0 Dodging
 + Level 3.2 Stealth
 - Level 2.4 Unarmed Combat
 - Level 2.6 Spellcasting
 - Level 2.6 Transmutations


You had 5 spell levels left.
You knew the following spells:

 Your Spells              Type           Power        Failure   Level  Hunger
a - Beastly Appendage     Trmt           #.....       10%         1    #......


Dungeon Overview and Level Annotations

Branches:
Dungeon (1/15)

Altars:


Innate Abilities, Weirdness & Mutations

You are tiny and cannot use many weapons and most armour.
You have supernaturally acute eyesight.
You are a herbivore.
You cover ground extremely quickly.
You need consume almost no food.


Message History

The giant cockroach bites you but does no damage.
Your magical contamination has completely faded away.
You closely miss the giant cockroach.
The giant cockroach is moderately wounded.
The bat completely misses you. x2
The bat closely misses you. The giant cockroach closely misses you.
You hit the giant cockroach.
The giant cockroach is severely wounded.
The bat hits you but does no damage. The bat hits you.
* * * LOW HITPOINT WARNING * * *
The giant cockroach misses you.
You hit the giant cockroach but do no damage.
The giant cockroach is severely wounded.
The bat completely misses you. x2
The giant cockroach completely misses you.
You closely miss the giant cockroach.
The giant cockroach is severely wounded.
The bat closely misses you. The giant cockroach misses you. The bat misses you.
The bat hits you.
You die...

....... ....... .......
#################.......
#.........##............
#.....###.##..(.........
#.....# #.##....bb...#
#.....###.##..)s@....#
##'#####.............#
#.# #..........####
#.#####.............#
#....##...............
##....##.........#.....
......##...............
##....##........###....
#....########### ....


You could see a giant cockroach and 2 bats.

Vanquished Creatures
  A ball python (D:1)
  A bat (D:1)
  A giant cockroach (D:1)
  2 hobgoblins (D:1)
  2 jackals (D:1)
  3 kobolds (D:1)
  A rat (D:1)
11 creatures vanquished.

Notes
Turn   | Place    | Note
--------------------------------------------------------------
     0 | D:1      | Jmtri7 the Spriggan Transmuter began the quest for the Orb.
     0 | D:1      | Reached XP level 1. HP: 9/9 MP: 5/5
    55 | D:1      | Reached skill level 1 in Stealth
   518 | D:1      | Reached XP level 2. HP: 14/14 MP: 6/6
   991 | D:1      | Slain by a bat

Vault maps used:
D:1:      sevenhm_arrival_forest_fort_small_3

Action                   || total
-------------------------++-------
Melee: Dagger            ||    53
       Unarmed           ||     6
 Cast: Beastly Appendage ||     3
 Stab: Sleeping          ||     3
